 Dungeon Crawl Stone Soup version 0.29.1-13-g9f3cf754e1 (webtiles) character file.

Game seed: 7068479897006153173

180 MacCMillion the Slasher (level 5, -2/44 HPs)
             Began as a Demigod Gladiator on Jan 26, 2023.
             Slain by Natasha (8 damage)
             ... on level 4 of the Dungeon.
             The game lasted 00:05:48 (4618 turns).

MacCMillion the Slasher (Demigod Gladiator)         Turns: 4618, Time: 00:05:49

Health: -2/44      AC:  4    Str: 15    XL:     5   Next: 11%
Magic:  7/7        EV: 12    Int: 16    God:
Gold:   169        SH:  0    Dex: 19    Spells: 4/4 levels left

rFire   . . .      SeeInvis .   a - +0 long sword
rCold   . . .      Faith    .   (no shield)
rNeg    . . .      Spirit   .   b - +0 leather armour
rPois   .          Reflect  .   c - +0 helmet
rElec   .          Harm     .   (no cloak)
rCorr   .          Rampage  .   (no gloves)
Will    .....                   (no boots)
Stlth   +.........              (no amulet)
HPRegen 0.14/turn               h - +6 ring of intelligence
MPRegen 0.10/turn               u - ring of flight

@: flying
A: high MP 1, forlorn, divine attributes
a: no special abilities


You were on level 4 of the Dungeon.
You visited 1 branch of the dungeon, and saw 4 of its levels.

You collected 169 gold pieces.

Inventory:

Hand Weapons
 a - a +0 long sword (weapon)
Missiles
 d - 3 throwing nets (quivered)
 e - a javelin
 m - 2 boomerangs
Armour
 b - a +0 leather armour (worn)
 c - a +0 helmet (worn)
 y - a +0 cloak
Jewellery
 h - a +6 ring of intelligence (left hand)
 u - a ring of flight (right hand)
 z - a ring of ice
Wands
 A - a wand of flame (12)
Scrolls
 f - a scroll of enchant armour {unknown}
 g - a scroll of vulnerability {unknown}
 i - 5 scrolls of identify {unknown}
 l - 2 scrolls of amnesia {unknown}
 q - 2 scrolls of blinking {unknown}
 s - a scroll of silence {unknown}
 t - a scroll of summoning {unknown}
 v - 2 scrolls of teleportation {unknown}
 x - a scroll of torment {unknown}
Potions
 j - a potion of curing
 k - 3 potions of degeneration {unknown}
 n - a potion of mutation {unknown}
 o - a potion of resistance {unknown}
 p - a potion of flight {unknown}
 r - a potion of attraction {unknown}
 w - a potion of cancellation {unknown}


   Skills:
 + Level 2.8 Fighting
 * Level 4.4 Long Blades
 + Level 2.9 Throwing
 - Level 2.6 Dodging


You had 4 spell levels left.
You didn't know any spells.
Your spell library contained the following spells:

 Spells                   Type           Power      Damage    Failure   Level
 Stone Arrow              Conj/Erth      0%         3d7       67%         3
 Animate Armour           Summ/Erth      0%         N/A       97%         4
 Lehudib's Crystal Spear  Conj/Erth      0%         10d2      100%        8


Dungeon Overview and Level Annotations

Branches:
Dungeon (4/15)
 Temple: D:4-7

Annotations:
D:3 Sigmund
D:4 Natasha


Innate Abilities, Weirdness & Mutations

You have an increased reservoir of magic. (+10% MP)
You shall have no god before yourself.
Your divine heritage dramatically boosts your attributes as you level up.


Message History

Things that are here:
a +0 club; an adder corpse; a goblin corpse You start resting.
An adder comes into view.
Found 14 gold pieces.
A - a wand of flame (12) Natasha, Servant of Life and Death comes into view.
The adder hisses angrily.
Natasha hisses angrily.
Natasha mumbles some strange words.
Things that are here:
a +0 club; an adder corpse; a goblin corpse Natasha wildly gestures.
You feel troubled.
You hit the adder.
The adder is heavily wounded.
The adder bites you but does no damage.
Natasha casts a spell.
You closely miss the adder.
The adder is heavily wounded.
The adder barely misses you. The adder bites you.
You miss the adder.
The adder is heavily wounded.
The adder barely misses you. Natasha claws you.
The white imp grins evilly.
You slash the adder!
You kill the adder!
Natasha casts a spell.
The white imp disappears for a moment.
The white imp gestures at you. The puff of frost hits you! Natasha claws you.
Natasha attacks as you move away! Natasha claws you.
The white imp gestures at you. The puff of frost hits you!
* * * LOW HITPOINT WARNING * * *
There is a stone staircase leading up here.
The white imp gestures at you. The puff of frost hits you.
* * * LOW HITPOINT WARNING * * *
Natasha claws you!
You die...

#.. #.# #.# #.# #.# #.#
. .. #.# .#.. .. #.#
#.... ... #########.#
###...###...
#......@h.###...#.......
#.........##..####..#...
#.........5†....)......#
#.........5...####.##..#
#.........##### #.#
#.........# #.#
#######.... ... ###...
..h #... .....


You could see Natasha and 2 white imps.

Vanquished Creatures
  Natasha (D:4)
  8 adders
  4 worms
  A dart slug (D:2)
  3 orcs (D:3)
  5 endoplasms
  2 giant cockroaches (D:2)
  6 goblins
  4 hobgoblins
  11 jackals
  4 kobolds
  5 quokkas
  2 ball pythons
  4 bats
  4 frilled lizards
  5 rats
69 creatures vanquished.

Notes
Turn   | Place    | Note
-------+----------+-------------------------------------------
     0 | D:1      | MacCMillion the Demigod Gladiator began the quest for the
                  | Orb.
     0 | D:1      | Reached XP level 1. HP: 17/17 MP: 3/3
   514 | D:1      | Reached skill level 3 in Long Blades
  1009 | D:1      | Reached XP level 2. HP: 24/24 MP: 4/4
  1904 | D:2      | Reached XP level 3. HP: 24/29 MP: 5/5
  2967 | D:3      | Noticed Sigmund
  3177 | D:3      | Reached XP level 4. HP: 27/37 MP: 6/6
  3542 | D:3      | Reached skill level 4 in Long Blades
  4378 | D:4      | Noticed an ogre
  4430 | D:4      | Noticed Natasha
  4437 | D:4      | Killed Natasha
  4530 | D:4      | Reached XP level 5. HP: 32/44 MP: 7/7
  4602 | D:4      | Noticed Natasha
  4618 | D:4      | Slain by Natasha

Illustrated notes

Levels and vault maps discovered:
D:1:      scummos_arrival_gate, layout_basic, serial_forest,
          infiniplex_forest_clump_small, infiniplex_forest_zigzag_2,
          infiniplex_forest_clump_double, infiniplex_forest_end_double,
          infiniplex_forest_end_1
D:2:      layout_loops_corners, minmay_bisected
D:3:      layout_basic, hellmonk_ecumenical_altar_crossroads,
          minmay_joined_circles, uniq_sigmund
D:4:      layout_rooms, hangedman_abyss_or_decor_stagger, minmay_between,
          uniq_natasha

Skill      XL: |  1  2  3  4 |
---------------+-------------+-----
Fighting       | 2 |  2.8
Long Blades    | 3 4 |  4.4
Throwing       | 2 |  2.9
Dodging        | |  2.6

Action                   |  1- 3 |  4- 6 || total
-------------------------+-------+-------++-------
Melee: Long sword        |   182 |    71 ||   253
       Punch             |     1 |       ||     1
  Use: Potion            |     1 |       ||     1
 Stab: Sleeping          |     3 |     1 ||     4
Armor: Leather armour    |    58 |    17 ||    75
Dodge: Dodged            |   132 |    56 ||   188
